[Event "32nd Panamerican Youth 2022"]
[Site "Montevideo"]
[Date "2022.06.26"]
[Round "1.4"]
[White "Oro, Faustino"]
[Black "Torales G., Ivan Alejandro B."]
[Result "1-0"]
[ECO "B09"]
[WhiteElo "2008"]
[BlackElo "1164"]
[Annotator "RC"]
[PlyCount "87"]
[EventDate "2022.06.26"]
[EventType "swiss"]
[EventCountry "URU"]
[SourceTitle "playchess.com"]
[Source "ChessBase"]
[SourceQuality "1"]
[TimeControl "5400+30"]

1. e4 d6 2. d4 g6 3. Nc3 Nf6 4. f4 Bg7 5. Nf3 O-O 6. Bd3 Nc6 7. O-O Bg4 8. Be3 e5 9. d5 Nb8 10. fxe5 dxe5 11. h3 Bxf3 12. Qxf3 Nbd7 13. Ne2 Qe7 14. c4 Nc5 15. Bc2 Rad8 16. b4 Ncd7 17. c5 Rfe8 18. c6 bxc6 19. dxc6 Nb6 20. Bg5 Rd6 21. b5 h6 22. Bh4 Re6 23. Bb3 Rd6 24. a4 Red8 25. Nc1 g5 26. Bf2 Qe8 27. Ra2 h5 28. Qf5 Nh7 29. Bxf7+ Qxf7 30. Qxf7+ Kxf7 31. Bxb6+ Nf6 32. Bxc7 Rd4 33. Bxd8 Rxd8 34. Nb3 Bf8 35. a5 Rb8 36. c7 Rc8 37. b6 axb6 38. axb6 Ke6 39. b7 Rxc7 40. b8=Q Rc3 41. Ra6+ Kf7 42. Raxf6+ Kg7 43. Qxf8+ Kh7 44. Rh6# 1-0

[Event "32nd Panamerican Youth 2022"]
[Site "Montevideo"]
[Date "2022.06.26"]
[Round "1.5"]
[White "Su, Jasmine Zhixin"]
[Black "Reyes Perez, Aracelly"]
[Result "1-0"]
[ECO "B01"]
[WhiteElo "1984"]
[BlackElo "1238"]
[Annotator "RC"]
[PlyCount "91"]
[EventDate "2022.06.26"]
[EventType "swiss"]
[EventCountry "URU"]
[SourceTitle "playchess.com"]
[Source "ChessBase"]
[SourceQuality "1"]
[TimeControl "5400+30"]

1. e4 d5 2. exd5 Nf6 3. d4 Nxd5 4. c4 Nf6 5. Nc3 Bf5 6. Nf3 e6 7. h3 Nc6 8. Be3 Be7 9. Be2 O-O 10. O-O h6 11. Rc1 Rc8 12. a3 Ne4 13. Bd3 Nxc3 14. Rxc3 Bf6 15. Bxf5 exf5 16. Rd3 Ne7 17. Qc2 c6 18. Rfd1 Qc7 19. Bd2 Rfd8 20. Bb4 Ng6 21. Bc3 Ne7 22. Re3 b6 23. Ne5 Bxe5 24. Rxe5 Rd7 25. Rde1 f4 26. Qe2 Ng6 27. Re4 Rcd8 28. Qg4 Rf8 29. R4e2 Kh7 30. Kh1 f5 31. Qh5 Rd6 32. d5 cxd5 33. Bb4 Rff6 34. Bxd6 Qxd6 35. Rd2 Qc5 36. cxd5 Qa5 37. Qd1 Nh4 38. d6 b5 39. d7 Rg6 40. d8=Q Qxd8 41. Rxd8 Rxg2 42. Qh5 Rxf2 43. Qxh4 Rxb2 44. Qxf4 Rb3 45. Qxf5+ g6 46. Re7# 1-0

[Event "32nd Panamerican Youth 2022"]
[Site "Montevideo"]
[Date "2022.06.26"]
[Round "1.6"]
[White "Rojo Lynch, Candela"]
[Black "Vidyarthi, Omya"]
[Result "0-1"]
[ECO "C26"]
[WhiteElo "1256"]
[BlackElo "1872"]
[Annotator "NA RC"]
[PlyCount "50"]
[EventDate "2022.06.26"]
[EventType "swiss"]
[EventCountry "URU"]
[SourceTitle "playchess.com"]
[Source "ChessBase"]
[SourceQuality "1"]
[TimeControl "5400+30"]

1. e4 e5 2. Nc3 Nf6 3. Bc4 Bc5 4. f4 d6 5. Nf3 Nc6 6. d3 a6 7. fxe5 dxe5 8. Bg5 h6 9. Bh4 Qd6 10. Qd2 Bg4 11. h3 Bxf3 12. gxf3 Nd4 13. O-O-O Nxf3 14. Qg2 Nxh4 15. Qg3 Ng6 16. Rh2 Qe7 17. Rf1 O-O-O 18. Rf3 Kb8 19. d4 exd4 20. Nb5 axb5 $19 21. Bxb5 Bd6 22. Qe1 Qxe4 23. Qa5 Qxf3 24. Rd2 Qh1+ 25. Rd1 Bf4+ 0-1

[Event "32nd Panamerican Youth 2022"]
[Site "Montevideo"]
[Date "2022.06.26"]
[Round "1.7"]
[White "Carvajal Mendoza, Maria Belen"]
[Black "Barrientos Mamani, Andrea"]
[Result "1-0"]
[ECO "D52"]
[WhiteElo "1377"]
[BlackElo "1209"]
[Annotator "NA RC"]
[PlyCount "43"]
[EventDate "2022.06.26"]
[EventType "swiss"]
[EventCountry "URU"]
[SourceTitle "playchess.com"]
[Source "ChessBase"]
[SourceQuality "1"]
[TimeControl "5400+30"]

1. d4 d5 2. c4 Nf6 3. Nc3 e6 4. Bg5 Nbd7 5. e3 c6 6. Nf3 Be7 7. Qc2 h6 8. Bh4 b6 9. Rd1 Bb7 10. a3 c5 11. Be2 Rc8 12. cxd5 Nxd5 13. Bxe7 Qxe7 14. Nxd5 Bxd5 15. O-O O-O 16. Qa4 Nf6 17. Rc1 cxd4 18. Nxd4 Nh7 19. Rfd1 e5 20. Nf3 Rxc1 21. Rxc1 Ng5 22. Nd2 1-0

[Event "32nd Panamerican Youth 2022"]
[Site "Montevideo"]
[Date "2022.06.26"]
[Round "1.12"]
[White "Mane, Arnav"]
[Black "Garzon Camelo, Andres Santiago"]
[Result "0-1"]
[ECO "B52"]
[WhiteElo "1203"]
[BlackElo "1741"]
[Annotator "NA RC"]
[PlyCount "58"]
[EventDate "2022.06.26"]
[EventType "swiss"]
[EventCountry "URU"]
[SourceTitle "playchess.com"]
[Source "ChessBase"]
[SourceQuality "1"]
[TimeControl "5400+30"]

1. e4 c5 2. Nf3 d6 3. Bb5+ Bd7 4. Bxd7+ Nxd7 5. O-O Ngf6 6. Re1 e6 7. c3 Be7 8. d3 h6 9. Be3 O-O 10. h3 d5 11. e5 Nh7 12. Qd2 f5 13. exf6 Bxf6 14. Bf4 Re8 15. Na3 e5 16. Bg3 a6 17. Nc2 Ng5 18. Nxg5 Bxg5 19. Qd1 Kh8 20. Ne3 Nb6 21. Ng4 Nd7 22. Bxe5 h5 23. Bxg7+ Kxg7 24. Ne3 Bxe3 25. fxe3 Qg5 26. Qc1 Ne5 27. Qd1 Rf8 28. Kh1 Rf7 29. Rg1 Qg3 0-1

[Event "32nd Panamerican Youth 2022"]
[Site "Montevideo"]
[Date "2022.06.26"]
[Round "1.13"]
[White "Adam, Ernestina"]
[Black "Zhong, April Yunwei"]
[Result "1-0"]
[ECO "B90"]
[WhiteElo "1681"]
[BlackElo "1392"]
[Annotator "NA RC"]
[PlyCount "45"]
[EventDate "2022.06.26"]
[EventType "swiss"]
[EventCountry "URU"]
[SourceTitle "playchess.com"]
[Source "ChessBase"]
[SourceQuality "1"]
[TimeControl "5400+30"]

1. e4 c5 2. Nf3 d6 3. d4 cxd4 4. Nxd4 Nf6 5. Nc3 a6 6. f3 e6 7. Be3 Nbd7 8. g4 h6 9. Qd2 b5 10. O-O-O Bb7 11. h4 Nb6 12. Bd3 Nfd7 13. g5 d5 14. exd5 Nxd5 15. g6 Bc5 16. gxf7+ Kxf7 17. Ne4 Nxe3 18. Qxe3 Bxe4 19. Bxe4 Rc8 20. Rhg1 Bxd4 21. Bg6+ Ke7 22. Qxd4 e5 23. Qd6# 1-0

[Event "32nd Panamerican Youth 2022"]
[Site "Montevideo"]
[Date "2022.06.26"]
[Round "1.14"]
[White "Acuna Alarcon, Claudia Micaela"]
[Black "Da Cunha, Gabriela Goes"]
[Result "1/2-1/2"]
[ECO "A50"]
[WhiteElo "1359"]
[BlackElo "1726"]
[Annotator "NA RC"]
[PlyCount "39"]
[EventDate "2022.06.26"]
[EventType "swiss"]
[EventCountry "URU"]
[SourceTitle "playchess.com"]
[Source "ChessBase"]
[SourceQuality "1"]
[TimeControl "5400+30"]

1. d4 Nf6 2. c4 g6 3. Qc2 d5 4. cxd5 Nxd5 5. e4 Nb6 6. Nf3 Bg7 7. Be3 O-O 8. Be2 Bg4 9. Nbd2 e5 10. dxe5 Nc6 11. h3 Bxf3 12. Nxf3 Nxe5 13. O-O Re8 14. Rfd1 Qe7 15. Bc5 Qe6 16. Nd4 Qf6 17. Nb5 Qc6 18. Nd4 Qf6 19. Nb5 Qc6 20. Nd4 1/2-1/2

[Event "32nd Panamerican Youth 2022"]
[Site "Montevideo"]
[Date "2022.06.26"]
[Round "1.15"]
[White "Chen, Rachel Ruoxuan"]
[Black "Villegas Ampuero, Consuelo"]
[Result "1-0"]
[ECO "B46"]
[WhiteElo "1618"]
[BlackElo "1333"]
[Annotator "NA RC"]
[PlyCount "147"]
[EventDate "2022.06.26"]
[EventType "swiss"]
[EventCountry "URU"]
[SourceTitle "playchess.com"]
[Source "ChessBase"]
[SourceQuality "1"]
[TimeControl "5400+30"]

1. e4 c5 2. Nf3 e6 3. d4 cxd4 4. Nxd4 Nc6 5. Nc3 a6 6. Nxc6 bxc6 7. Bd3 Qc7 8. O-O Nf6 9. Re1 d5 10. e5 Nd7 11. Qh5 g6 12. Qg5 Bc5 13. Qh4 Qa7 14. Bh6 Rg8 15. Na4 Be7 16. Qh3 Qd4 17. b3 Nxe5 18. Bf1 Ng4 19. Be3 Nxe3 20. fxe3 Qa7 21. Qxh7 Rf8 22. Qg7 Bg5 23. Qd4 Qxd4 24. exd4 Ra7 25. Bd3 Rh8 26. c3 Bf4 27. g3 Bd6 28. c4 Rh5 29. Rac1 Rc7 30. cxd5 Rxd5 31. Rc4 c5 32. dxc5 Bxc5+ 33. Nxc5 Rcxc5 34. Rxc5 Rxc5 35. Rd1 Rd5 36. Kf2 Kd7 37. Ke3 Bb7 38. Be2 Rxd1 39. Bxd1 e5 40. Be2 Kd6 41. b4 f5 42. h4 Kc7 43. Bc4 Kd6 44. Bf7 Be4 45. Bxg6 Kd5 46. Bf7+ Kc6 47. Bc4 Bb1 48. h5 Kb6 49. a3 a5 50. bxa5+ Kxa5 51. Bd3 f4+ 52. gxf4 exf4+ 53. Kd2 Ba2 54. h6 Bg8 55. Bc2 Kb5 56. Ke2 Kc5 57. h7 Bxh7 58. Bxh7 Kc4 59. Bc2 Kb5 60. a4+ Ka5 61. Kf3 Kb4 62. Kxf4 Ka5 63. Ke5 Ka6 64. Kd5 Ka5 65. Kc5 Ka6 66. Kb4 Kb6 67. a5+ Ka6 68. Bd3+ Ka7 69. Kb5 Kb7 70. a6+ Ka7 71. Ka5 Ka8 72. Kb6 Kb8 73. a7+ Ka8 74. Be4# 1-0

[Event "32nd Panamerican Youth 2022"]
[Site "Montevideo"]
[Date "2022.06.26"]
[Round "1.17"]
[White "Ticona Rocabado, Licael Roderick"]
[Black "Amarilla Ettiene, Ezequiel"]
[Result "1-0"]
[ECO "E66"]
[WhiteElo "2097"]
[BlackElo "1427"]
[Annotator "RC"]
[PlyCount "67"]
[EventDate "2022.06.26"]
[EventType "swiss"]
[EventCountry "URU"]
[SourceTitle "playchess.com"]
[Source "ChessBase"]
[SourceQuality "1"]
[TimeControl "5400+30"]

1. Nf3 Nf6 2. g3 g6 3. Bg2 Bg7 4. O-O O-O 5. d4 d6 6. c4 c5 7. Nc3 Nc6 8. d5 Na5 9. Qd3 e5 10. e4 Nd7 11. Bd2 a6 12. Ne2 b5 13. b3 f5 14. Ng5 Nf6 15. Rad1 fxe4 16. Nxe4 Nxe4 17. Bxe4 Bh3 18. Rfe1 b4 19. f4 Qd7 20. fxe5 Bxe5 21. Bh6 Rf7 22. Nf4 Qg4 23. Bf3 Qf5 24. Qe2 g5 25. Nxh3 Qxh3 26. Bxg5 Bxg3 27. Bg4 Bxh2+ 28. Kh1 Qg3 29. Be6 Raf8 30. Qxh2 Qf3+ 31. Kg1 Kh8 32. Bxf7 Rxf7 33. Re8+ Kg7 34. Qh6# 1-0

[Event "32nd Panamerican Youth 2022"]
[Site "Montevideo"]
[Date "2022.06.26"]
[Round "1.18"]
[White "Diaz Bermudez, Pedro Teofilo"]
[Black "Zacarias Rodriguez, Santiago"]
[Result "0-1"]
[ECO "A56"]
[WhiteElo "1336"]
[BlackElo "2069"]
[Annotator "RC"]
[PlyCount "116"]
[EventDate "2022.06.26"]
[EventType "swiss"]
[EventCountry "URU"]
[SourceTitle "playchess.com"]
[Source "ChessBase"]
[SourceQuality "1"]
[TimeControl "5400+30"]

1. d4 Nf6 2. c4 c5 3. Nf3 g6 4. Nc3 Bg7 5. e4 cxd4 6. Nxd4 d6 7. f3 Nc6 8. Be3 O-O 9. Qd2 Nxd4 10. Bxd4 Be6 11. Nd5 Bxd5 12. cxd5 Nd7 13. Bxg7 Kxg7 14. Qd4+ Kg8 15. Be2 Qa5+ 16. Qd2 Qb6 17. h4 Rfc8 18. h5 Rc7 19. hxg6 fxg6 20. Bd3 Ne5 21. Ke2 Nxd3 22. Kxd3 Qb5+ 23. Ke3 Rc4 24. Rac1 Rac8 25. Rxc4 Rxc4 26. Kf4 Qc5 27. Qe1 Qxd5 28. Qh4 Qf7+ 29. Kg3 Rc5 30. Qh6 Rc2 31. Rc1 Rc6 32. a3 Qg7 33. Qd2 Qe5+ 34. Kf2 Rxc1 35. Qxc1 Kg7 36. Qd2 h5 37. Ke3 Qg5+ 38. f4 Qg3+ 39. Kd4 e5+ 40. Kd5 exf4 41. Qd4+ Kh7 42. Ke6 Qe3 43. Qd5 Qb6 44. Qxd6 h4 45. Qxb6 axb6 46. e5 h3 47. gxh3 f3 48. Kd7 f2 49. e6 f1=Q 50. e7 Qxh3+ 51. Kd8 Qd3+ 52. Kc7 Qe4 53. Kd8 Qd5+ 54. Kc7 Qe6 55. Kd8 Qd6+ 56. Ke8 Kg7 57. b4 Kf6 58. a4 Qxe7# 0-1

[Event "32nd Panamerican Youth 2022"]
[Site "Montevideo"]
[Date "2022.06.26"]
[Round "1.20"]
[White "Salazar Hernandez, Benjamin"]
[Black "Sloan, Jed"]
[Result "0-1"]
[ECO "A45"]
[WhiteElo "1357"]
[BlackElo "1974"]
[Annotator "RC"]
[PlyCount "84"]
[EventDate "2022.06.26"]
[EventType "swiss"]
[EventCountry "URU"]
[SourceTitle "playchess.com"]
[Source "ChessBase"]
[SourceQuality "1"]
[TimeControl "5400+30"]

1. d4 Nf6 2. Bf4 d5 3. e3 e6 4. Nf3 Bd6 5. Bg3 O-O 6. Be2 c5 7. c4 dxc4 8. Bxc4 a6 9. dxc5 Bxc5 10. O-O b5 11. Bb3 Qb6 12. Nc3 Bb7 13. a4 Nbd7 14. a5 Qd8 15. Bd6 Bxd6 16. Qxd6 Bxf3 17. gxf3 Qc8 18. Rac1 Qb7 19. e4 Rac8 20. e5 Nh5 21. Ne4 Nf4 22. Qd2 Rxc1 23. Rxc1 Ng6 24. Ng5 Ndxe5 25. f4 Nf3+ 26. Nxf3 Qxf3 27. Rc3 Qg4+ 28. Kh1 Qxf4 29. Qd7 Qxf2 30. Qd1 Qxb2 31. Rg3 Rc8 32. Qd7 Qc1+ 33. Kg2 Qc6+ 34. Qxc6 Rxc6 35. Kf2 Kf8 36. Rd3 Ke7 37. Ke3 Ne5 38. Rd4 Rc3+ 39. Ke4 Nc6 40. Rd3 Rxd3 41. Kxd3 Nxa5 42. Ba2 Nc6 0-1

[Event "32nd Panamerican Youth 2022"]
[Site "Montevideo"]
[Date "2022.06.26"]
[Round "1.25"]
[White "Fiorito, Joaquin"]
[Black "Kulik, Nicolas"]
[Result "1-0"]
[ECO "D00"]
[WhiteElo "2258"]
[BlackElo "1781"]
[Annotator "TA"]
[PlyCount "65"]
[EventDate "2022.06.26"]
[EventType "swiss"]
[EventCountry "URU"]
[SourceTitle "playchess.com"]
[Source "ChessBase"]
[SourceQuality "1"]
[TimeControl "5400+30"]

1. d4 d5 2. Bf4 Nf6 3. Nc3 a6 4. e3 e6 5. g4 Bb4 6. Nge2 {[%emt 0:00:10] D00: 1 d4 d5: Unusual lines.} O-O 7. a3 Be7 8. g5 {[%emt 0:00:51] The position is equal.} Nh5 9. h4 Nxf4 10. Nxf4 c5 11. Bd3 c4 12. Bxh7+ Kxh7 13. Qh5+ Kg8 14. g6 fxg6 15. Nxg6 Rf5 16. Qh8+ Kf7 17. Qh7 Bf6 {[%emt 0:04:11] [#]} 18. Nh8+ $146 ({Predecessor:} 18. e4 dxe4 19. Nh8+ Ke7 20. O-O-O Nd7 21. Nxe4 Nf8 22. Qg8 Qe8 23. h5 Nd7 24. Ng6+ {0-1 (51) Firouzja,A (2759)-So,W (2770) chess24.com INT 2021}) 18... Ke7 19. h5 (19. e4 $11 dxe4 20. O-O-O) 19... Kd7 $2 (19... Nd7 $17 {aiming for ...b5.} 20. e4 dxe4) 20. h6 $1 $18 {[%emt 0:01:05][%mdl 1024] White has strong compensation.} Qe7 $2 (20... Nc6 $16) 21. Ng6 Qf7 22. O-O-O $1 {[%emt 0:10:32] Hoping for Rdg1.} Nc6 $2 {[%emt 0:22:22] [#] This move loses the game for Black.} (22... Rxf2 $2 23. Rdf1 Rf5 24. Rxf5 exf5 25. Nxd5 $1 Qxd5 26. hxg7 Qxh1+ 27. Qxh1 Bxg7 28. Qh7 $18) (22... Kc6 $16 {was worth a try.}) 23. Rdg1 $1 {[%emt 0:00:50] And now Nh8 would win.} Kd6 (23... Rxf2 $2 24. hxg7 Bxg7 25. Nf4 $18) (23... Ne7 $142 24. Nxe7 (24. hxg7 Ng8 $16) 24... Kxe7) 24. Nh8 $1 {[%emt 0:01:58][%csl LRf7,LRg7] Pair of Knights!} Qc7 25. hxg7 Ne7 26. g8=Q Nxg8 27. Qxg8 Bxh8 (27... Kc6 $142 28. Rh7 Qd8 29. Qxd8 Bxd8) 28. Rxh8 {[%emt 0:00:15] Strongly threatening Rg7.} Rf7 {[%emt 0:01:41] Inhibits Rg7.} 29. e4 {[%emt 0:01:01] Intending exd5 and mate.} dxe4 30. Nxe4+ Kc6 31. d5+ Kxd5 32. Rd1+ Kxe4 33. Qg2+ {[%emt 0:00:17] Weighted Error Value: White=0.16 (very precise) /Black=1.00} 1-0

[Event "32nd Panamerican Youth 2022"]
[Site "Montevideo"]
[Date "2022.06.26"]
[Round "1.26"]
[White "Rodriguez Buela, Martin"]
[Black "Flores Quillas, Diego Saul Rodri"]
[Result "0-1"]
[ECO "A04"]
[WhiteElo "1712"]
[BlackElo "2193"]
[Annotator "RC"]
[PlyCount "40"]
[EventDate "2022.06.26"]
[EventType "swiss"]
[EventCountry "URU"]
[SourceTitle "playchess.com"]
[Source "ChessBase"]
[SourceQuality "1"]
[TimeControl "5400+30"]

1. Nf3 c5 2. g3 Nc6 3. d4 cxd4 4. Nxd4 g6 5. c4 Bg7 6. Nb3 Nf6 7. Bg2 O-O 8. O-O d6 9. Nc3 Na5 10. Nxa5 Qxa5 11. Nd5 Nxd5 12. Qxd5 Qc7 13. Rb1 Bf5 14. Be4 Be6 15. Qxb7 Qxc4 16. Bd3 Qxa2 17. Qxe7 Rad8 18. Be3 a5 19. Qh4 Rb8 20. Bd4 Rb5 0-1

[Event "32nd Panamerican Youth 2022"]
[Site "Montevideo"]
[Date "2022.06.26"]
[Round "1.27"]
[White "Melian, Juan Sebastian"]
[Black "Caceres Salas, Elias"]
[Result "1-0"]
[ECO "C28"]
[WhiteElo "2069"]
[BlackElo "1715"]
[Annotator "RC"]
[PlyCount "73"]
[EventDate "2022.06.26"]
[EventType "swiss"]
[EventCountry "URU"]
[SourceTitle "playchess.com"]
[Source "ChessBase"]
[SourceQuality "1"]
[TimeControl "5400+30"]

1. e4 e5 2. Bc4 Nc6 3. Nc3 Nf6 4. d3 Be7 5. Nge2 d6 6. O-O O-O 7. f4 Na5 8. Bb3 c6 9. h3 Re8 10. fxe5 dxe5 11. Be3 Nxb3 12. axb3 Be6 13. Ng3 g6 14. Qd2 b6 15. Rf3 h5 16. Bh6 Bc5+ 17. Kh1 Ng4 18. Bg5 f6 19. Bh4 Be7 20. Raf1 Kg7 21. hxg4 hxg4 22. Bxf6+ Bxf6 23. Rxf6 Qxf6 24. Rxf6 Rh8+ 25. Kg1 Kxf6 26. d4 exd4 27. Qxd4+ Kf7 28. e5 Kg7 29. Nce4 Rad8 30. Nd6 Rhf8 31. Qd2 Kh7 32. Qg5 Rd7 33. Nge4 Kg7 34. Nf6 Rxd6 35. Nh5+ Kh7 36. exd6 gxh5 37. Qe7+ 1-0

[Event "32nd Panamerican Youth 2022"]
[Site "Montevideo"]
[Date "2022.06.26"]
[Round "1.28"]
[White "Lavandeira, Juan Bautista"]
[Black "Montes Orozco, Miguel Angel"]
[Result "1/2-1/2"]
[ECO "B13"]
[WhiteElo "1662"]
[BlackElo "2166"]
[Annotator "RC"]
[PlyCount "57"]
[EventDate "2022.06.26"]
[EventType "swiss"]
[EventCountry "URU"]
[SourceTitle "playchess.com"]
[Source "ChessBase"]
[SourceQuality "1"]
[TimeControl "5400+30"]

1. d4 Nf6 2. c4 c5 3. e3 cxd4 4. exd4 d5 5. Nc3 Nc6 6. cxd5 Nxd5 7. Bc4 Be6 8. Bb3 a6 9. Nf3 Na5 10. Ng5 Nxc3 11. bxc3 Bxb3 12. axb3 Qd5 13. Rxa5 Qxa5 14. Qf3 f6 15. Ne6 Rc8 16. Bd2 Kf7 17. Qxb7 Re8 18. Nc7 Rd8 19. Qc6 Rd6 20. Qc4+ e6 21. Bf4 Qa1+ 22. Ke2 Qa2+ 23. Kf3 Rb6 24. d5 g5 25. dxe6+ Kg7 26. Ne8+ Kh6 27. h4 Qxb3 28. Bxg5+ Kg6 29. h5+ 1/2-1/2

[Event "32nd Panamerican Youth 2022"]
[Site "Montevideo"]
[Date "2022.06.26"]
[Round "1.29"]
[White "Borda Rodas, Anapaola S."]
[Black "Ibarra Mayorga, Ximena"]
[Result "1-0"]
[ECO "C19"]
[WhiteElo "2141"]
[BlackElo "1686"]
[Annotator "RC"]
[PlyCount "71"]
[EventDate "2022.06.26"]
[EventType "swiss"]
[EventCountry "URU"]
[SourceTitle "playchess.com"]
[Source "ChessBase"]
[SourceQuality "1"]
[TimeControl "5400+30"]

1. e4 e6 2. d4 d5 3. Nc3 Bb4 4. e5 c5 5. a3 Bxc3+ 6. bxc3 Ne7 7. Nf3 Nbc6 8. Bd3 Qa5 9. Bd2 c4 10. Be2 Bd7 11. O-O f6 12. exf6 gxf6 13. Nh4 O-O-O 14. f4 Rhg8 15. f5 e5 16. Bh5 Be8 17. Be2 Kb8 18. Nf3 Qb6 19. Rb1 Qa5 20. dxe5 Nxf5 21. exf6 Qc5+ 22. Rf2 Rg6 23. Bf4+ Ka8 24. Nd4 Nfxd4 25. cxd4 Nxd4 26. Bh5 Rxf6 27. Be3 Bxh5 28. Qxh5 Rg6 29. Qh4 Nf3+ 30. Rxf3 Qc8 31. Qd4 b6 32. Rf7 Rdg8 33. Qxd5+ Rc6 34. Bxb6 axb6 35. Rxb6 Rxg2+ 36. Qxg2 1-0

[Event "32nd Panamerican Youth 2022"]
[Site "Montevideo"]
[Date "2022.06.26"]
[Round "1.30"]
[White "Guo, Hazel"]
[Black "Garcia Andrada, Heidy Nicole"]
[Result "0-1"]
[ECO "B30"]
[WhiteElo "1526"]
[BlackElo "1918"]
[Annotator "RC"]
[PlyCount "130"]
[EventDate "2022.06.26"]
[EventType "swiss"]
[EventCountry "URU"]
[SourceTitle "playchess.com"]
[Source "ChessBase"]
[SourceQuality "1"]
[TimeControl "5400+30"]

1. e4 c5 2. Nf3 Nc6 3. Bb5 Qb6 4. Bxc6 Qxc6 5. Nc3 e6 6. d4 cxd4 7. Nxd4 Qc7 8. Ndb5 Qb8 9. O-O a6 10. Nd4 b5 11. Be3 Bb7 12. f4 b4 13. Na4 Bxe4 14. Nb3 Qc7 15. Nac5 Bd5 16. Qd2 a5 17. Nd3 Nf6 18. Bd4 Be7 19. Rae1 d6 20. Nbc1 O-O 21. Re3 Rac8 22. Re2 Qc4 23. Be3 Ng4 24. h3 Nxe3 25. Qxe3 Bf6 26. Kh2 Bxb2 27. Nxb2 Qc3 28. Qxc3 Rxc3 29. Nb3 Ra8 30. Na4 Rc6 31. Rd2 Rac8 32. Rff2 Be4 33. Nd4 Ra6 34. Nb5 Bd5 35. c3 Kf8 36. cxb4 axb4 37. Nb2 Rc5 38. Nd4 Rxa2 39. Nd3 Rxd2 40. Rxd2 Rc4 41. Nc2 b3 42. Ne3 Rd4 43. Nxd5 Rxd5 44. Rd1 e5 45. fxe5 dxe5 46. Nb2 Rxd1 47. Nxd1 f5 48. Kg3 Kf7 49. Kf3 Ke6 50. Ke3 Kd5 51. Kd3 g6 52. Ne3+ Kc5 53. Kc3 b2 54. Kxb2 Kd4 55. Nc2+ Kd3 56. Ne1+ Ke2 57. Nf3 e4 58. Ng5 Kf2 59. Kc2 h6 60. Ne6 g5 61. Nd4 f4 62. Kd1 Kxg2 63. Nf5 f3 64. h4 gxh4 65. Ne3+ Kg1 0-1

[Event "32nd Panamerican Youth 2022"]
[Site "Montevideo"]
[Date "2022.06.26"]
[Round "1.31"]
[White "Matus, Nastassja"]
[Black "Yepez Montenegro, Gloria Luz"]
[Result "1-0"]
[ECO "D11"]
[WhiteElo "1908"]
[BlackElo "1490"]
[Annotator "RC"]
[PlyCount "22"]
[EventDate "2022.06.26"]
[EventType "swiss"]
[EventCountry "URU"]
[SourceTitle "playchess.com"]
[Source "ChessBase"]
[SourceQuality "1"]
[TimeControl "5400+30"]

1. d4 d5 2. c4 c6 3. Nf3 Nf6 4. Qc2 g6 5. g3 Bg7 6. Bg2 dxc4 7. Qxc4 Bf5 8. O-O Nbd7 9. Ng5 O-O 10. e4 Nb6 11. Qd3 Bd7 1-0

[Event "32nd Panamerican Youth 2022"]
[Site "Montevideo"]
[Date "2022.06.26"]
[Round "1.32"]
[White "Velasquez Nava, Raquel"]
[Black "Perez Hernandez, Vicmary C."]
[Result "0-1"]
[ECO "D45"]
[WhiteElo "1458"]
[BlackElo "1909"]
[Annotator "RC"]
[PlyCount "117"]
[EventDate "2022.06.26"]
[EventType "swiss"]
[EventCountry "URU"]
[SourceTitle "playchess.com"]
[Source "ChessBase"]
[SourceQuality "1"]
[TimeControl "5400+30"]

1. d4 d5 2. Nf3 Nf6 3. c4 c6 4. Nc3 e6 5. e3 Nbd7 6. Qc2 b6 7. Be2 Bb7 8. O-O Be7 9. b3 O-O 10. Bb2 Rc8 11. Rac1 Qc7 12. Rfd1 Rfd8 13. Qb1 Qb8 14. cxd5 cxd5 15. Bd3 a6 16. h3 b5 17. Ne2 Bd6 18. Rxc8 Rxc8 19. Rc1 Ne4 20. Rxc8+ Qxc8 21. Ne5 f5 22. f3 Nef6 23. Nf4 Qe8 24. h4 Nb6 25. Qe1 Nfd7 26. Qa5 Bc7 27. Qb4 Nxe5 28. dxe5 Nd7 29. a4 Bxe5 30. Bxe5 Nxe5 31. Be2 Bc6 32. axb5 axb5 33. Qd6 Ng6 34. Nxe6 Bd7 35. Nd4 Qxe3+ 36. Kf1 Qxd4 37. Qxd7 Qa1+ 38. Kf2 Qd4+ 39. Kf1 b4 40. h5 Nf8 41. Qxf5 Qa1+ 42. Kf2 Qa7+ 43. Kf1 Qd7 44. Qf4 Qb7 45. Qd6 Nd7 46. Bd3 Nf6 47. Bf5 Qa8 48. Kg1 Qe8 49. Be6+ Kh8 50. Bxd5 Qe1+ 51. Kh2 Qh4+ 52. Kg1 Qd4+ 53. Kf1 Qxd5 54. Qf8+ Qg8 55. Qxb4 Nxh5 56. Qc5 Nf4 57. b4 Qd8 58. Qc4 Qd3+ 59. Qxd3 0-1